 Dungeon Crawl Stone Soup version 0.27-a0-100-gf312352147 (webtiles) character file.

Game seed: 17808678883416852517

181 Trishak the Poker (level 5, 0/46 HPs)
             Began as a Draconian Berserker on Jan 21, 2021.
             Was a Believer of Trog.
             Slain by a scorpion (4 damage)
             ... on level 4 of the Dungeon.
             The game lasted 00:11:50 (4149 turns).

Trishak the Poker (Draconian Berserker)             Turns: 4149, Time: 00:11:50

Health: 0/46       AC:  5    Str: 20    XL:     5   Next: 34%
Magic:  5/5        EV: 13    Int:  8    God:    Trog [**....]
Gold:   162        SH:  0    Dex: 10    Spells: 4/4 levels left

rFire    . . .     SeeInvis .   a - +0 spear
rCold    . . .     Faith    .   (no shield)
rNeg     + . .     Spirit   .   (armour unavailable)
rPois    .         Reflect  .   (helmet restricted)
rElec    .         Harm     .   l - scarf {repulsion}
rCorr    .         Rampage  .   (no gloves)
Will     .....                  (no boots)
Stlth    +.........             (no amulet)
HPRegen  0.15/turn              u - ring of positive energy (curse)
MPRegen  0.09/turn              (no ring)

@: lethally poisoned (0 -> -2), repel missiles
A: unfitting armour, cold-blooded, AC +5
a: Renounce Religion, Berserk, Trog's Hand


You were on level 4 of the Dungeon.
You worshipped Trog.
Trog was pleased with you.
You visited 1 branch of the dungeon, and saw 4 of its levels.

You collected 162 gold pieces.

Inventory:

Hand Weapons
 a - a +0 spear (weapon)
 g - a +0 hunting sling
Armour
 e - a +0 ring mail
 l - a scarf of repulsion (worn)
 o - a +0 leather armour
Jewellery
 q - a +6 ring of intelligence
 u - a cursed ring of positive energy (left hand)
Scrolls
 b - a scroll of magic mapping {unknown}
 i - 2 scrolls of remove curse
 j - a scroll of amnesia {unknown}
 m - 2 scrolls of identify {unknown}
 p - a scroll of enchant weapon {unknown}
 r - a scroll of fear {unknown}
Potions
 c - a potion of attraction {unknown}
 d - 3 potions of lignification {unknown}
 f - 2 potions of heal wounds {unknown}
 h - 2 potions of curing {unknown}
 k - a potion of invisibility {unknown}
 n - 2 potions of ambrosia {unknown}
 s - a potion of cancellation {unknown}
 t - a potion of magic {unknown}


   Skills:
 + Level 4.3 Fighting
 + Level 4.5 Polearms
 + Level 3.7 Dodging
 + Level 1.0 Stealth


You had 4 spell levels left.
You didn't know any spells.
Your spell library was empty.

Dungeon Overview and Level Annotations

Branches:
Dungeon (4/15)
 Temple: D:4-7

Altars:


Innate Abilities, Weirdness & Mutations

Your plain brown scales are hard. (AC +5)
You cannot fit into any form of body armour.
You are cold-blooded and may be slowed by cold attacks.


Message History

* * * LOW HITPOINT WARNING * * *
You barely miss the scorpion. You tail-slap the scorpion.
The scorpion is lightly wounded.
You feel sick. The scorpion closely misses you.
You hit the scorpion but do no damage.
The scorpion is lightly wounded.
You hit the scorpion but do no damage.
You tail-slap the scorpion, but do no damage.
The scorpion is lightly wounded.
The scorpion barely misses you.
You completely miss the scorpion. You tail-slap the scorpion.
The scorpion is lightly wounded.
You feel sick. The scorpion barely misses you.
You barely miss the scorpion.
The scorpion is lightly wounded.
The scorpion stings you but does no damage.
You hit the scorpion.
The scorpion is moderately wounded.
The scorpion stings you.
You die...

. ..####### ######
.#......#####....############
........+.........†..........
#......#####...†####.#####.#
#.....#####....#....#
#.......s@....#....#
#..##.....:...#...†# o8.#
#......#######.### .#o
######## #..<# #####


You could see a scorpion.

Vanquished Creatures
  Terence (D:3)
  2 worker ants (D:4)
  4 adders
  A worm (D:2)
  A dart slug (D:1)
  4 leopard geckos (D:3)
  4 orcs
  A ball python (D:1)
  6 bats
  5 giant cockroaches
  6 hobgoblins
  2 quokkas (D:2)
  6 frilled lizards
  7 goblins
  5 kobolds
  10 rats
65 creatures vanquished.

Vanquished Creatures (others)
  5 plants
5 creatures vanquished.

Grand Total: 70 creatures vanquished

Notes
Turn   | Place    | Note
-------+----------+-------------------------------------------
     0 | D:1      | Trishak the Draconian Berserker began the quest for the
                  | Orb.
     0 | D:1      | Reached XP level 1. HP: 19/19 MP: 1/1
   120 | D:1      | Reached XP level 2. HP: 15/26 MP: 2/2
  1086 | D:2      | Reached XP level 3. HP: 10/33 MP: 3/3
  1530 | D:2      | Reached ** piety under Trog
  3045 | D:3      | Reached XP level 4. HP: 40/40 MP: 4/4
  3529 | D:3      | Noticed Terence
  3556 | D:3      | Killed Terence
  4002 | D:4      | Reached XP level 5. HP: 33/46 MP: 5/5
  4138 | D:4      | Reached skill level 1 in Stealth
  4149 | D:4      | Slain by a scorpion

Illustrated notes

Levels and vault maps discovered:
D:1:      amcnicky_arrival_choice, layout_loops_corners, minmay_strange_pillars
D:2:      layout_basic, chequers_big_river
D:3:      layout_loops_corners, serial_bayou_pond_d, uniq_terence
D:4:      layout_basic, grunt_decor_mini_mirrors

Skill      XL: |  1  2  3  4  5 |
---------------+----------------+-----
Dodging        | 3 |  3.7
Fighting       | 4 |  4.3
Polearms       | 4 |  4.5
Stealth        | 1 |  1.0

Action                   |  1- 3 |  4- 6 || total
-------------------------+-------+-------++-------
Melee: Spear             |   171 |   113 ||   284
       Tailslap          |    23 |    12 ||    35
Invok: Trog's Hand       |     2 |     1 ||     3
       Berserk           |     2 |       ||     2
  Use: Scroll            |     2 |       ||     2
Armor: Skin              |    47 |    29 ||    76
Dodge: Dodged            |   125 |    80 ||   205

Table legend: (Time is in decaauts)
 A = Elapsed time spent in this place.
 B = Non-inter-level travel time spent in this place.
 C = Inter-level travel time spent in this place.
 D = Time resting spent in this place.
 E = Time spent auto-exploring this place.
 F = Levels seen in this place.
 G = Mean time per level.
                   A        B        C        D        E       F      G
               +--------+--------+--------+--------+--------+-----+--------+
         Total |   4170 |   4120 |     50 |    508 |   1653 |   4 | 1042.5 |
       Dungeon |   4170 |   4120 |     50 |    508 |   1653 |   4 | 1042.5 |
               +--------+--------+--------+--------+--------+-----+--------+

Top non-repeatable levels by time:
     D:2: 1945 daAuts
     D:3: 1115 daAuts
     D:1: 946 daAuts
     D:4: 163 daAuts
